 Dungeon Crawl Stone Soup version 0.31.0-9-g3a7656b989 (webtiles) character file.

Game seed: 10617909646660305451

107 qw the Ducker (level 4, -4/22 HPs)
             Began as a Spriggan Hunter on Feb 2, 2024.
             Slain by a cerulean imp
             ... wielding a +1 spear
             ... summoned by Natasha
              (5 damage)
             ... on level 2 of the Dungeon.
             The game lasted 00:00:04 (903 turns).

qw the Ducker (Spriggan Hunter)                      Turns: 903, Time: 00:00:04

Health: -4/22      AC:  2    Str:  7    XL:     4   Next: 57%
Magic:  5/5        EV: 22    Int: 10    God:
Gold:   89         SH:  0    Dex: 26    Spells: 3/3 levels left

rFire   . . .        a - +0 shortbow
rCold   . . .        (shield currently unavailable)
rNeg    . . .        c - +0 robe
rPois   .            (helmet restricted)
rElec   .            (no cloak)
rCorr   .            (gloves unavailable)
SInv    +            (boots unavailable)
Will    .....        (no amulet)
Stlth   ++           e - +6 ring of dexterity
HPRegen 0.23/turn    (no ring)
MPRegen 0.09/turn

%: no passive effects
@: very quick
A: very small, no large weapons, unfitting armour, see invisible, speed 3
a: no special abilities


You were on level 2 of the Dungeon.
You visited 1 branch of the dungeon, and saw 2 of its levels.

You collected 89 gold pieces.


Innate Abilities, Weirdness & Mutations

You are very small and have problems with some larger weapons.
You are too small for most types of armour.
You have supernaturally acute eyesight. (SInv)
You cover ground extremely quickly. (Speed+++)


   Skills:
 - Level 1.5 Fighting
 - Level 5.0 Ranged Weapons
 + Level 5.1 Dodging
 - Level 1.5 Stealth


You had 3 spell levels left.
You didn't know any spells.
Your spell library was empty.

Inventory:

Hand Weapons
 a - a +0 shortbow (weapon)
Armour
 c - a +0 robe (worn)
Jewellery
 e - a +6 ring of dexterity (left hand)
Scrolls
 b - a scroll of vulnerability {unknown}
 g - a scroll of enchant weapon {unknown}
Potions
 d - a potion of mutation {unknown}
 f - 3 potions of curing {unknown}
 i - a potion of might {unknown}

Dungeon Overview and Level Annotations

Branches:
Dungeon (2/15)

Altars:
Cheibriados

Annotations:
D:2 Natasha


Message History

You shoot an arrow. The arrow barely misses the bat.
The bat hits you but does no damage.
You shoot an arrow. The arrow closely misses the bat.
The bat completely misses you.
You shoot an arrow.
The arrow hits the bat but does no damage.
The bat completely misses you.
You shoot an arrow. The arrow hits the bat!
You kill the bat!
You start resting.
A hobgoblin comes into view.
887 ||| FLEEEEING.
You start resting.
Natasha, Servant of Life and Death comes into view.
You shoot an arrow.
Natasha hisses angrily.
The arrow hits Natasha.
Natasha is moderately wounded.
You shoot an arrow. The arrow barely misses Natasha.
Natasha mumbles some strange words.
You shoot an arrow.
The arrow barely misses the cerulean imp.
The cerulean imp completely misses you.
You shoot an arrow.
The arrow hits Natasha but does no damage.
Natasha is moderately wounded.
Natasha closely misses you.
The cerulean imp hits you with a +1 spear.
You shoot an arrow. The arrow hits Natasha!
Natasha is almost dead.
Natasha stares at you and mumbles some strange words.
The magic dart hits you.
The cerulean imp hits you with a +1 spear.
You shoot an arrow. The arrow barely misses Natasha.
Natasha stares at you and mumbles some strange words.
The magic dart hits you! The cerulean imp misses you.
You shoot an arrow. The arrow barely misses Natasha.
Natasha barely misses you.
The cerulean imp hits you with a +1 spear.
You die...

# #. ## #.#####. # #.#
#.....#. .#. #.# #.....#.
... #.# #.....#. .. #.#
#..%..#. #.#####.#
###.......
#)).@h#.####.......##
......#..5..#......).....
..... #............######
.... #...#.#.###.## ...
#...#.#.# #..### ..
.....#.#.# ##...# g
.......#.#.# ###.##
._..####.#.######..###
.... ##.#.#..........


You could see Natasha and a cerulean imp (summoned).

Vanquished Creatures
  Terence (D:2)
  Natasha (D:2)
  2 adders (D:2)
  2 ball pythons (D:2)
  5 bats
  2 endoplasms
  2 giant cockroaches
  2 goblins (D:1)
  3 hobgoblins
  4 jackals (D:1)
  4 kobolds
  3 quokkas (D:1)
  3 frilled lizards (D:1)
  3 rats (D:1)
37 creatures vanquished.

Notes
Turn   | Place    | Note
-------+----------+-------------------------------------------
     0 | D:1      | qw the Spriggan Hunter began the quest for the Orb.
     0 | D:1      | Reached XP level 1. HP: 10/10 MP: 2/2
     0 | D:1      | 0 ||| qw: Version: 0.3-a-155-g5e7d8dd
     0 | D:1      | 0 ||| qw: Game counter: 2684
     0 | D:1      | 0 ||| qw: Melee chars always use a shield: true
     0 | D:1      | 0 ||| qw: God list: Okawaru
     0 | D:1      | 0 ||| qw: Allow faded altars: false
     0 | D:1      | 0 ||| qw: Do Orc after clearing Dungeon:15 true
     0 | D:1      | 0 ||| qw: Do second Lair branch before Depths: true
     0 | D:1      | 0 ||| qw: Lair rune preference: random
     0 | D:1      | 0 ||| qw: Goals: Normal
     0 | D:1      | 0 ||| PLANNING D:1-11
    53 | D:1      | Reached skill level 3 in Dodging
   205 | D:1      | Reached XP level 2. HP: 14/14 MP: 3/3
   439 | D:1      | 439 ||| UPGRADING to +6 ring of dexterity.
   440 | D:1      | 440 ||| READING 2 scrolls labelled VOOSEDWADGH.
   441 | D:1      | 441 ||| READING scroll labelled ROBOOW FIDA.
   442 | D:1      | 442 ||| READING scroll labelled LAANWA JURPHUWKIPN.
   447 | D:1      | 447 ||| DRINKING 2 red potions.
   448 | D:1      | 448 ||| DROPPING scroll of butterflies.
   449 | D:1      | 449 ||| DROPPING scroll of noise.
   450 | D:1      | 450 ||| DROPPING potion of brilliance.
   470 | D:2      | Reached XP level 3. HP: 12/18 MP: 4/4
   571 | D:2      | Noticed Natasha
   576 | D:2      | Killed Natasha
   590 | D:2      | Reached XP level 4. HP: 22/22 MP: 5/5
   825 | D:2      | Found a snail-covered altar of Cheibriados.
   829 | D:2      | Noticed Terence
   850 | D:2      | Killed Terence
   887 | D:2      | 887 ||| FLEEEEING.
   896 | D:2      | Noticed Natasha
   902 | D:2      | HP: 1/22 [Natasha/magic dart (8)]
   903 | D:2      | Slain by a cerulean imp

Levels and vault maps discovered:
D:1:      orjb1_lava_funnel, layout_basic
D:2:      layout_basic, basic_altar, uniq_jessica, uniq_natasha, uniq_terence

Skill      XL: |  1  2  3  4 |
---------------+-------------+-----
Dodging        | 3 4 5 |  5.1
Ranged Weapons | 5 |  5.0
Fighting       | |  1.5
Stealth        | |  1.5

Action                     |  1- 3 |  4- 6 || total
---------------------------+-------+-------++-------
   Fire: Shortbow          |    92 |    46 ||   138
    Use: Scroll            |     3 |       ||     3
         Potion            |     1 |       ||     1
 Armour: Robe              |     7 |    11 ||    18
  Dodge: Dodged            |    33 |    34 ||    67

Table legend:
 A = Non-vault XP
 B = Vault XP
 C = Vault XP percentage of total XP
 D = Non-vault monster count
 E = Vault monster count
 F = Vault count percentage of total count
                 A         B        C        D         E       F
            +---------+---------+-------+---------+---------+-------
      Total |      81 |      73 |  47.4 |      35 |       2 |   5.4
            +---------+---------+-------+---------+---------+-------
        D:1 |      35 |       0 |   0.0 |      22 |       0 |   0.0
        D:2 |      46 |      73 |  61.3 |      13 |       2 |  13.3
            +---------+---------+-------+---------+---------+-------
